 Dungeon Crawl Stone Soup version 0.29-a0-384-g6960b1960d (webtiles) character file.

Game seed: 13616879149266381565

151 siradein the Conjurer (level 5, -2/35 HPs)
             Began as a Demonspawn Conjurer on May 7, 2022.
             Slain by Pikel
             ... wielding a +0 whip of flaming
              (3 damage)
             ... on level 4 of the Dungeon.
             The game lasted 00:06:31 (2788 turns).

siradein the Conjurer (Demonspawn Conjurer)         Turns: 2788, Time: 00:06:31

Health: -2/35      AC:  3    Str:  8    XL:     5   Next: 10%
Magic:  0/10       EV: 12    Int: 21    God:
Gold:   186        SH:  0    Dex: 11    Spells: 8/11 levels left

rFire   . . .      SeeInvis .   c - +0 dagger (protect)
rCold   . . .      Faith    .   (no shield)
rNeg    . . .      Spirit   .   a - +0 robe
rPois   +          Reflect  .   (no helmet)
rElec   .          Harm     .   (no cloak)
rCorr   .          Rampage  .   (no gloves)
Will    +....                   (no boots)
Stlth   ++........              (no amulet)
HPRegen 0.11/turn               d - ring of poison resistance
MPRegen 0.12/turn               q - ring of willpower

@: no status effects
A: ignite blood 1, sharp scales 1
a: no special abilities


You were on level 4 of the Dungeon.
You visited 1 branch of the dungeon, and saw 4 of its levels.

You collected 186 gold pieces.

Inventory:

Hand Weapons
 c - a +0 dagger of protection (weapon)
Armour
 a - a +0 robe (worn)
Jewellery
 d - a ring of poison resistance (left hand)
 q - a ring of willpower (right hand)
Scrolls
 g - a scroll of noise {unknown}
 i - 2 scrolls of poison {unknown}
 k - a scroll of vulnerability {unknown}
 o - a scroll of magic mapping {unknown}
 p - a scroll of fog {unknown}
Potions
 e - a potion of invisibility
 h - a potion of brilliance {unknown}
 j - 2 potions of attraction
 l - 2 potions of degeneration {unknown}
 m - a potion of cancellation {unknown}
 n - a potion of might {unknown}


   Skills:
 - Level 1.7 Dodging
 - Level 1.7 Stealth
 + Level 3.7 Spellcasting
 + Level 5.3 Conjurations


You had 8 spell levels left.
You knew the following spells:

 Your Spells              Type           Power      Damage    Failure   Level
a - Magic Dart            Conj           100%       1d8       1%          1
b - Searing Ray           Conj           52%        2d6       1%          2

Your spell library contained the following spells:

 Spells                   Type           Power      Damage    Failure   Level
 Dazzling Flash           Conj/Hex       30%        N/A       12%         3
 Frozen Ramparts          Ice            6%         1d2       36%         3
 Fulminant Prism          Conj/Hex       7%         3d7       38%         4
 Iskenderun's Mystic Bla  Conj/Tloc      15%        2d5       38%         4
 Ice Form                 Ice/Tmut       3%         N/A       77%         4
 Summon Ice Beast         Ice/Summ       3%         N/A       77%         4


Dungeon Overview and Level Annotations

Branches:
Dungeon (3/15)

Altars:

Annotations:
D:4 Pikel


Innate Abilities, Weirdness & Mutations

Your demonic aura sometimes causes spilled blood to erupt in flames.
You are partially covered in razor-sharp scales. (AC +1, Slay +1)


Message History

The searing ray hits Pikel but does no damage.
Pikel is heavily wounded.
Pikel closely misses you.
The searing ray hits Pikel.
Pikel is heavily wounded.
You finish channelling your searing ray.
Pikel hits you with a +0 whip of flaming!
Pikel burns you.
Casting: Searing Ray (safe; 1% risk of failure)
Confirm with . or Enter, or press ? or * to list all spells.
Aiming: Searing Ray (safe; 1% risk of failure)
Press: ? - help, Shift-Dir - straight line, f/p - Pikel
Aim: Pikel, wielding a +0 whip of flaming and wearing a +0 robe (heavily wounded, 74% to hit)
The searing ray misses Pikel. (Press . to maintain the ray.)
The searing ray hits Pikel.
Pikel is heavily wounded.
Pikel says, "Don't tell anyone, but I think Ereshkigal likes me."
The searing ray hits Pikel.
Pikel is heavily wounded.
Pikel hits you with a +0 whip of flaming!
* * * LOW HITPOINT WARNING * * *
Pikel burns you.
* * * LOW HITPOINT WARNING * * *
The searing ray hits Pikel but does no damage.
Pikel is heavily wounded.
You finish channelling your searing ray.
Pikel misses you.
Casting: Searing Ray (safe; 1% risk of failure)
Confirm with . or Enter, or press ? or * to list all spells.
Aiming: Magic Dart (safe; 1% risk of failure)
Press: ? - help, Shift-Dir - straight line, f/p - Pikel
Aim: Pikel, wielding a +0 whip of flaming and wearing a +0 robe (heavily wounded, 100% to hit)
The magic dart hits Pikel but does no damage.
Pikel is heavily wounded.
Pikel waves his whip at you.
Pikel hits you with a +0 whip of flaming.
* * * LOW HITPOINT WARNING * * *
Pikel burns you.
You die...

..... ..# . .....
##.##.# #####
######...#.#
...........# #...# #
##.## .####### #.# ...
..# #K# ###.#.##.# #@#
####...#[...# #.#
.....#####..####.#
####...#.........###.#
###.#.##.......^..#
#...#############
#####


You could see Pikel.

Vanquished Creatures
  A hound (D:4)
  A gnoll (D:1)
  5 adders
  A worm (D:2)
  2 dart slugs
  7 ball pythons
  5 bats
  5 endoplasms
  5 giant cockroaches
  4 goblins
  5 hobgoblins
  3 quokkas
  5 frilled lizards
  4 kobolds
  3 rats
56 creatures vanquished.

Notes
Turn   | Place    | Note
-------+----------+-------------------------------------------
     0 | D:1      | siradein the Demonspawn Conjurer began the quest for the
                  | Orb.
     0 | D:1      | Reached XP level 1. HP: 13/13 MP: 3/3
   314 | D:1      | Gained mutation: Your demonic aura sometimes causes spilled
                  | blood to erupt in flames. [demonic ancestry]
   314 | D:1      | Reached XP level 2. HP: 19/19 MP: 0/5
   569 | D:1      | Learned a level 2 spell: Searing Ray
   967 | D:1      | Gained mutation: You are partially covered in razor-sharp
                  | scales. (AC +1, Slay +1) [demonic ancestry]
   967 | D:1      | Reached XP level 3. HP: 24/24 MP: 1/7
  1142 | D:1      | Found a faded altar of an unknown god.
  1972 | D:2      | Reached XP level 4. HP: 29/30 MP: 3/8
  2282 | D:2      | Reached skill level 5 in Conjurations
  2610 | D:3      | You fall into a shaft and drop 1 floor!
  2662 | D:4      | Noticed an ogre
  2678 | D:4      | Reached XP level 5. HP: 35/35 MP: 4/10
  2764 | D:4      | Noticed Pikel
  2788 | D:4      | HP: 1/35 [Pikel/+0 whip of flaming (5)]
  2788 | D:4      | Slain by Pikel

Illustrated notes

Levels and vault maps discovered:
D:1:      dpeg_arrival_more_subterranean_lakeside_camping, layout_loops_cross,
          hellmonk_ecumenical_altar_leap_of_faith, amethyst_killhole
D:2:      layout_loops_cross, kennysheep_generic_room_3
D:3:      kennysheep_big_flooded_room, layout_basic, serial_rivers,
          chequers_serial_rivers_small_b, chequers_serial_rivers_marsh,
          chequers_serial_rivers_marsh, chequers_serial_rivers_small_a
D:4:      layout_loops_ring, uniq_pikel, uniq_crazy_yiuf_cottage

Skill      XL: |  1  2  3  4 |
---------------+-------------+-----
Spellcasting   | 3 |  3.7
Conjurations   | 5 |  5.3
Dodging        | |  1.7
Stealth        | |  1.7

Action                   |  1- 3 |  4- 6 || total
-------------------------+-------+-------++-------
Melee: Dagger            |     9 |       ||     9
 Cast: Magic Dart        |    66 |    30 ||    96
       Searing Ray       |     6 |     5 ||    11
  Use: Scroll            |       |     3 ||     3
       Potion            |       |     2 ||     2
Armor: Robe              |     2 |     2 ||     4
Dodge: Dodged            |    20 |    13 ||    33

Table legend: (Time is in decaauts)
 A = Elapsed time spent in this place.
 B = Non-inter-level travel time spent in this place.
 C = Inter-level travel time spent in this place.
 D = Time resting spent in this place.
 E = Time spent auto-exploring this place.
 F = Levels seen in this place.
 G = Mean time per level.
                   A        B        C        D        E       F      G
               +--------+--------+--------+--------+--------+-----+--------+
         Total |   2786 |   2719 |     67 |    100 |   2243 |   4 |  696.5 |
       Dungeon |   2786 |   2719 |     67 |    100 |   2243 |   4 |  696.5 |
               +--------+--------+--------+--------+--------+-----+--------+

Top non-repeatable levels by time:
     D:1: 1343 daAuts
     D:2: 1145 daAuts
     D:4: 177 daAuts
     D:3: 120 daAuts
